 Dungeon Crawl Stone Soup version 0.26-a0-52-gd53d4cd058 (webtiles) character file.

Game seed: 14154261722066172120

107 vurker the Magician (level 4, -1/32 HPs)
             Began as a Mummy Wizard on June 5, 2020.
             Slain by an orc wizard
             ... wielding a +0 trident
              (6 damage)
             ... on level 3 of the Dungeon.
             The game lasted 00:03:13 (2736 turns).

vurker the Magician (Mummy Wizard)                  Turns: 2736, Time: 00:03:14

Health: -1/32      AC:  2    Str: 10    XL:     4   Next: 56%
Magic:  10/11      EV: 12    Int: 14    God:
Gold:   120        SH:  0    Dex: 10    Spells: 8/13 levels left

rFire    . . .     SeeInvis .   h - +2 spear (venom)
rCold    . . .     Gourm    .   (no shield)
rNeg     + + +     Faith    .   a - +0 robe
rPois    ∞         Spirit   .   b - +0 hat
rElec    .         Reflect  .   (no cloak)
rCorr    .         Harm     .   (no gloves)
MR       .....                  (no boots)
Stlth    ++........             (no amulet)
HPRegen  0.10/turn              e - -4 ring of intelligence (curse)
MPRegen  0.12/turn              c - ring of fire

@: no status effects
A: no food or potions, fire vulnerability, cold resistance 1, negative energy
resistance 3, torment resistance, unbreathing
a: no special abilities


You were on level 3 of the Dungeon.
You were not hungry.

You visited 1 branch of the dungeon, and saw 3 of its levels.

You collected 120 gold pieces.

Inventory:

Hand Weapons
 h - a +2 spear of venom (weapon)
   (You found it on level 2 of the Dungeon)
Armour
 a - a +0 robe (worn)
 b - a +0 hat (worn)
Jewellery
 c - a ring of fire (right hand)
   (You found it on level 2 of the Dungeon)
 e - a cursed -4 ring of intelligence (left hand)
   (You found it on level 1 of the Dungeon)
 g - an uncursed ring of resist corrosion {unknown}
   (You found it on level 2 of the Dungeon)
Scrolls
 d - a scroll of enchant armour
 f - a scroll of teleportation
 i - a scroll of identify
 j - a scroll of immolation {unknown}


   Skills:
 + Level 1.6 Fighting
 - Level 1.5 Dodging
 - Level 1.5 Stealth
 * Level 5.2 Spellcasting
 * Level 2.3 Conjurations
 - Level 0.7 Summonings
 - Level 0.7 Translocations


You had 8 spell levels left.
You knew the following spells:

 Your Spells              Type           Power        Failure   Level  Hunger
a - Magic Dart            Conj           ##..         7%          1    N/A
b - Call Imp              Summ           #.......     19%         2    N/A
w - Blink                 Tloc           N/A          19%         2    N/A

Your spell library contained the following spells:

 Spells                   Type           Power        Failure   Level  Hunger
 Slow                     Hex            #.......     26%         2    N/A
 Conjure Flame            Conj/Fire      ##......     32%         3    N/A
 Mephitic Cloud           Conj/Pois/Air  #.......     36%         3    N/A

Dungeon Overview and Level Annotations

Branches:
Dungeon (3/15)

Altars:


Innate Abilities, Weirdness & Mutations

You do not eat or drink.
Your flesh is vulnerable to fire.
You are immune to poison.
Your flesh is cold resistant. (rC+)
You are immune to negative energy. (rN+++)
You are immune to unholy pain and torment.
You can survive without breathing.


Message History

a +0 hunting sling; a +0 ring mail A quokka comes into view.
The quokka moves out of view.
An orc comes into view.
It is wielding a +0 hand axe of freezing.
The orc shouts!
You hear a shout!
An orc comes into view. It is wielding a +0 club.
There are monsters nearby!
An orc comes into view. It is wielding a +0 hand axe.
You hit the quokka.
The quokka is poisoned.
The quokka bites you but does no damage.
The quokka misses you.
You hit the quokka.
The quokka looks as sick as possible!
You kill the quokka!
Attack whom?
Aim: an orc, wielding a +0 hand axe of freezing You reach to attack!
You hit the orc.
An orc wizard comes into view. It is wielding a +0 trident.
You hit the orc.
You kill the orc!
You barely miss the orc. The orc hits you but does no damage.
You closely miss the orc. The orc hits you with a +0 club.
The orc wizard casts a spell.
The orc wizard flickers and vanishes!
Deactivating autopickup; reactivate with Ctrl-A.
You barely miss the orc. The orc hits you but does no damage.
You hear some strange, mumbled words.
You hit the orc.
The orc is poisoned.
The orc closely misses you.
You barely miss the orc. The orc closely misses you.
You barely miss the orc. The orc hits you with a +0 club.
Something barely misses you.
You hit the orc.
You kill the orc!
Something hits you!
You hit the orc. Something hits you!
* * * LOW HITPOINT WARNING * * *
The orc closely misses you. Something hits you.
* * * LOW HITPOINT WARNING * * *
You barely miss the orc. The orc barely misses you. Something hits you.
* * * LOW HITPOINT WARNING * * *
Unknown command.
Attack whom?
Okay, then.
Aim: an orc, wielding a +0 hand axe (heavily wounded)
The magic dart hits the orc.
You kill the orc!
Something hits you.
You die...

##.## ##...##
###.)...##
#...)....#
#.#.###..###
#.####.#.# .....
#........###..###
######.#......#
#.###@##.# #. #)#
.......{...#
######..#### #..#
...# ..... #....
#....


There were no monsters in sight!

Vanquished Creatures
  A bullfrog skeleton (D:3)
  2 adders
  4 leopard geckos
  4 orcs (D:3)
  6 bats
  A giant cockroach (D:2)
  4 goblins
  5 hobgoblins
  9 jackals
  4 kobolds
  A quokka (D:3)
  2 frilled lizards
  3 rats
46 creatures vanquished.

Notes
Turn   | Place    | Note
-------+----------+-------------------------------------------
     0 | D:1      | vurker the Mummy Wizard began the quest for the Orb.
     0 | D:1      | Reached XP level 1. HP: 13/13 MP: 5/5
   136 | D:1      | Reached skill level 1 in Conjurations
   864 | D:1      | Reached XP level 2. HP: 20/20 MP: 2/7
  1471 | D:2      | Learned a level 2 spell: Call Imp
  1474 | D:2      | Learned a level 2 spell: Blink
  1537 | D:2      | Reached skill level 1 in Fighting
  1537 | D:2      | Reached XP level 3. HP: 24/26 MP: 9/9
  2323 | D:3      | Reached skill level 5 in Spellcasting
  2323 | D:3      | Reached XP level 4. HP: 8/32 MP: 9/11
  2736 | D:3      | Slain by an orc wizard

Illustrated notes

Levels and vault maps discovered:
D:1:      lemuel_arrival_rhombus, layout_basic, minmay_splitting_lines,
          corexii_item_surrounded_by_moat, minmay_misc_feat_cross
D:2:      layout_loops_ring, kennysheep_generic_room_7
D:3:      layout_loops_corners, columned_hall_lemuel

Skill      XL: |  1  2  3 |
---------------+----------+-----
Conjurations   | 1 2 |  2.3
Fighting       | 1 |  1.6
Spellcasting   | 5 |  5.2
Dodging        | |  1.5
Stealth        | |  1.5
Summonings     | |  0.7
Translocations | |  0.7

Action                   |  1- 3 |  4- 6 || total
-------------------------+-------+-------++-------
Melee: Unarmed           |    32 |       ||    32
       Spear             |    67 |    27 ||    94
       Whip              |     5 |       ||     5
 Cast: Magic Dart        |    37 |     2 ||    39
  Use: Scroll            |     3 |       ||     3
 Stab: Sleeping          |     3 |     3 ||     6
Armor: Robe              |    28 |     2 ||    30
Dodge: Dodged            |    79 |    13 ||    92

Table legend:
 A = Non-vault XP
 B = Vault XP
 C = Vault XP percentage of total XP
 D = Non-vault monster count
 E = Vault monster count
 F = Vault count percentage of total count
                 A         B        C        D         E       F
            +---------+---------+-------+---------+---------+-------
      Total |     151 |       2 |   1.3 |      45 |       1 |   2.2
            +---------+---------+-------+---------+---------+-------
        D:1 |      20 |       0 |   0.0 |      11 |       0 |   0.0
        D:2 |      53 |       2 |   3.6 |      22 |       1 |   4.3
        D:3 |      78 |       0 |   0.0 |      12 |       0 |   0.0
            +---------+---------+-------+---------+---------+-------
